 Dungeon Crawl Stone Soup version 0.31-a0-263-ge8cad7f256 (webtiles) character file.

Game seed: 192880521098577162

6405 greasedhog the Basher (level 10, 0/68 HPs)
             Began as a Gargoyle Chaos Knight on July 14, 2023.
             Was a Plaything of Xom.
             Slain by a slime creature (2 damage)
             ... on level 9 of the Dungeon.
             The game lasted 00:22:36 (9244 turns).

greasedhog the Basher (Gargoyle Chaos Knight)       Turns: 9244, Time: 00:22:36

Health: 0/68       AC: 24    Str: 19      XL:     10   Next: 98%
Magic:  10/10      EV:  6    Int: 17      God:    Xom [......]
Gold:   355        SH:  0    Dex:  7 (8)  Spells: 9/9 levels left

rFire   . . .        p - +1 whip (flame)
rCold   + . .        (no shield)
rNeg    + . .        n - +0 plate armour
rPois   ∞            l - +1 helmet
rElec   +            (no cloak)
rCorr   .            j - +0 pair of gloves
SInv    .            (no boots)
Will    .....        (no amulet) Stlth
                     (no ring)
HPRegen 0.00/turn    (no ring)
MPRegen 0.12/turn

%: no passive effects
@: inhibited regen, unable to read
A: sickness immunity, AC +7, negative energy resistance 1, electricity
resistance, torment resistance 1, petrification resistance, claws 1, clever 1,
cold resistance 1, deterioration 1, inhibited regeneration, inability to read
after injury 1, MP-powered wands
a: Renounce Religion


You were on level 9 of the Dungeon.
You worshipped Xom.
You were a very special plaything of Xom.
You visited 2 branches of the dungeon, and saw 10 of its levels.
You also visited: Sewer and Ossuary.

You collected 465 gold pieces.
You spent 110 gold pieces at shops.

Inventory:

Hand Weapons
 a - a +0 mace of chaos
 p - a +1 whip of flaming (weapon)
 D - a +2 flail of holy wrath
Missiles
 C - a throwing net
Armour
 b - a +2 leather armour
 j - a +0 pair of gloves (worn)
 l - a +1 helmet (worn)
 n - a +0 plate armour (worn)
Jewellery
 k - a +6 ring of dexterity
Wands
 i - a wand of roots (12)
 y - a wand of charming (16)
 z - a wand of polymorph (19)
Scrolls
 e - 2 scrolls of blinking
 g - 2 scrolls of immolation
 h - 3 scrolls of amnesia {unknown}
 o - 2 scrolls of revelation
 s - 3 scrolls of enchant weapon
 t - a scroll of fog {unknown}
 v - 4 scrolls of teleportation
 w - a scroll of identify
 x - a scroll of summoning {unknown}
Potions
 d - a potion of magic {unknown}
 f - 5 potions of curing
 m - 6 potions of heal wounds
 q - a potion of mutation {unknown}
 r - 4 potions of degeneration {unknown}
 u - 2 potions of enlightenment
 A - a potion of might {unknown}
 B - a potion of berserk rage {unknown}
Miscellaneous
 c - a piece from Xom's chessboard (15/15) (quivered)


   Skills:
 * Level 10.9 Fighting
 - Level 12.0 Maces & Flails
 + Level 7.2 Armour
 - Level 0.7 Dodging


You had 9 spell levels left.
You didn't know any spells.
Your spell library contained the following spells:

 Spells                   Type           Power      Damage    Failure   Level
 Magic Dart               Conj           0%         1d3       99%         1
 Sandblast                Erth           0%         2d4       99%         1
 Passwall                 Tmut/Erth      0%         N/A       100%        2
 Searing Ray              Conj           0%         2d4       100%        2
 Stone Arrow              Conj/Erth      0%         3d7       100%        3
 Fulminant Prism          Conj/Hex       0%         3d5       100%        4
 Summon Forest            Summ/Tloc      0%         N/A       100%        5
 Summon Mana Viper        Hex/Summ       0%         N/A       100%        5
 Summon Cactus Giant      Summ           0%         N/A       100%        6


Dungeon Overview and Level Annotations

Branches:
Dungeon (9/15)             Temple (1/1) D:6           Sewer (visited)
Ossuary (visited)
   Lair: D:8-11         Orc: D:9-12

Altars:
Ashenzari
Dithmenos
Elyvilon
Fedhas
Gozag
Hepliaklqana
Kikubaaqudgha
Makhleb
Nemelex Xobeh
Okawaru
Qazlal
Ru
Sif Muna
Trog
Uskayaw
Vehumet
Wu Jian
Xom
Yredelemnul
Zin
The Shining One

Shops:
D:5 ?   D:6 (

Annotations:
D:4 1 runed translucent door


Innate Abilities, Weirdness & Mutations

You are immune to sickness and miasma.
Your stone body is resilient. (AC +7)
You are immune to poison.
You resist negative energy. (rN+)
You are resistant to electric shocks. (rElec)
You are resistant to unholy torment.
You are immune to petrification.
You have sharp fingernails.
Your mind is acute. (Int +4, Str/Dex -1)
Your flesh is cold resistant. (rC+)
Your body sometimes deteriorates upon taking damage.
You do not regenerate when monsters are visible.
You occasionally lose the ability to read scrolls when taking damage.
You expend magic power (3 MP) to strengthen your wands.


Message History

You start resting.
HP restored.
Items here: ))) [[[[.
The slime creature quivers.
The slime creature quivers. x2
The escape hatch in the ceiling slides away as you move under it!
Items here: ))) [[[[.
You see here a howler monkey corpse.
The stone staircase leading up slides away as you move beside it!
The stone staircase leading up slides away as you move beside it!
The stone staircase leading up slides away as you move beside it!
You hit the slime creature but do no damage.
You hit the slime creature. You burn the slime creature.
The slime creature is lightly wounded.
The slime creature hits you!
Your body deteriorates!
You feel clumsy.
You hit the slime creature. You burn the slime creature.
You punch the slime creature, but do no damage.
The slime creature is lightly wounded.
You whack the slime creature! You burn the slime creature.
The slime creature is moderately wounded.
Xom's power touches on a nearby monster.
The slime creature evaporates and reforms as an eye of devastation!
You barely miss the eye of devastation.
You hit the eye of devastation but do no damage.
You hit the eye of devastation but do no damage.
You hit the eye of devastation but do no damage.
The eye of devastation gazes at you. The bolt of energy hits you!!!
Ouch! That really hurt!
* * * LOW HITPOINT WARNING * * *
Blink to where?
Press: ? - help, Dir - move target, p - eye of devastation
As you read the scroll of blinking, it crumbles to dust.
The slime creature hits you!
You feel threatened and lose the ability to read scrolls!
* * * LOW HITPOINT WARNING * * *
The slime creature hits you.
You die...
Xom roars with laughter!

#. ###.#............. ..
#........##.#####. ##.##
#.....##.##.# ##. #...#
##.....##.##.# #.. #...#
#............# #.# #...#
#..###.##.#######..
#####...######..###..........##.
#.....).....##..#....#.#.....##.
..............<@#.#..#.......##.
#...........##.J.....###.....##.
####.....########[##.###.>...##.
#.....# #J##......#####^ #.....#
#.######### #. #.....# #.# ##
#.#.#.# #G############## #.....#
#§.............# ....###
##############..


You could see 2 slime creatures.

Vanquished Creatures
  A two-headed ogre (D:8)
  A harpy (shapeshifter) (D:4)
  A cane toad (D:8)
  3 slime creatures (D:9)
  8 yaks
  A steam dragon (D:8)
  Edmund (D:4)
  2 humans (D:7)
  Duvessa (D:6)
  A water moccasin (D:6)
  2 ice beasts
  3 orc warriors
  3 centaurs
  2 lemures (D:4)
  3 elf zombies (Ossuary)
  A kobold brigand (Sewer)
  2 bullfrogs (D:7)
  2 scorpions (D:6)
  Dowan (D:6)
  4 killer bees (D:8)
  5 howler monkeys
  A centaur zombie (Ossuary)
  6 jellies
  5 hounds
  2 human zombies
  2 sleepcaps
  Ijyb (D:3)
  9 orc wizards
  3 iguanas
  3 hound zombies (Ossuary)
  2 mummies (Ossuary)
  5 adders
  A river rat (Sewer)
  2 shadow imps (D:6)
  A white imp (D:5)
  2 ufetubi
  A worm (D:2)
  A dart slug (D:5)
  17 orcs
  5 endoplasms
  5 giant cockroaches
  16 goblins
  8 hobgoblins
  5 jackals
  9 quokkas
  6 ball pythons
  4 bats
  4 frilled lizards
  A gnoll zombie (Ossuary)
  A goblin skeleton (D:4)
  5 goblin zombies (Ossuary)
  A hobgoblin zombie (Ossuary)
  3 jackal zombies (Ossuary)
  10 kobolds
  4 kobold zombies (Ossuary)
  An orc zombie (Ossuary)
  7 quokka zombies
  8 rats
  4 rat zombies
219 creatures vanquished.

Vanquished Creatures (collateral kills)
  An elf zombie (Ossuary)
  A mummy (Ossuary)
  A kobold (D:1)
  A kobold zombie (Ossuary)
4 creatures vanquished.

Grand Total: 223 creatures vanquished

Notes
Turn   | Place    | Note
-------+----------+-------------------------------------------
     0 | D:1      | greasedhog the Gargoyle Chaos Knight began the quest for
                  | the Orb.
     0 | D:1      | Reached XP level 1. HP: 14/14 MP: 1/1
    55 | D:1      | XOM: silly message
   286 | D:1      | Reached XP level 2. HP: 18/19 MP: 2/2
   668 | D:2      | Reached XP level 3. HP: 24/24 MP: 3/3
   772 | D:2      | XOM: silly message
   787 | D:2      | XOM: 3-stop teleportation journey
   847 | D:2      | XOM: 6-stop teleportation journey
   929 | D:2      | Reached skill level 4 in Maces & Flails
  1108 | D:2      | XOM: divination: detect creatures
  1179 | D:2      | XOM: god gift: 5 stones
  1201 | D:2      | You fall into a shaft and drop 2 floors!
  1230 | D:4      | Found a runed translucent door.
  1230 | D:4      | Noticed a human
  1241 | D:4      | Reached XP level 4. HP: 26/29 MP: 4/4
  1245 | D:4      | Found a basalt altar of Yredelemnul.
  1412 | D:3      | Found a radiant altar of Vehumet.
  1416 | D:3      | XOM: butterfly on damage
  1423 | D:3      | XOM: confuse monster(s)
  1424 | D:3      | XOM: silly message
  1437 | D:3      | Reached skill level 5 in Maces & Flails
  1437 | D:3      | Reached XP level 5. HP: 18/34 MP: 5/5
  1453 | D:3      | XOM: chaos upgrade
  1479 | D:3      | Got Vehumet's Quarto of Attacks
  1538 | D:3      | Found an ancient bone altar of Kikubaaqudgha.
  1551 | D:3      | Found a shimmering blue altar of Sif Muna.
  1558 | D:3      | Reached XP level 6. HP: 39/40 MP: 6/6
  1673 | D:2      | XOM: summons 1 hostile shadow creature
  1809 | D:3      | Reached skill level 5 in Fighting
  2103 | D:3      | Found a hazy altar of Hepliaklqana.
  2393 | D:3      | Noticed Ijyb
  2412 | D:3      | Killed Ijyb
  2413 | D:3      | Reached skill level 6 in Maces & Flails
  2433 | D:3      | XOM: give mutation
  2433 | D:3      | Gained mutation: You do not regenerate when monsters are
                  | visible. [Xom's mischief]
  2697 | D:4      | Noticed Pikel
  2700 | D:4      | Pikel changed into Pikel the shapeshifter
  2700 | D:4      | Noticed Pikel
  2700 | D:4      | XOM: polymorph Pikel -> Pikel the shapeshifter
  2701 | D:4      | Pikel the shapeshifter changed into something unseen
  2709 | D:4      | Noticed Pikel
  2717 | D:4      | XOM: scenery: summon butterflies
  2720 | D:4      | Killed Pikel the harpy
  2721 | D:4      | Reached skill level 7 in Maces & Flails
  2721 | D:4      | Reached XP level 7. HP: 19/44 MP: 7/7
  2723 | D:4      | XOM: stat loss: -1 Int (11/12)
  2762 | D:4      | XOM: stat loss: -1 Int (10/12)
  2817 | D:4      | Noticed Edmund
  2828 | D:4      | Killed Edmund
  2829 | D:4      | Reached XP level 8. HP: 46/49 MP: 8/8
  2986 | D:4      | Reached skill level 8 in Maces & Flails
  3015 | D:4      | XOM: divination: detect items
  3131 | D:5      | Entered Level 5 of the Dungeon
  3157 | D:5      | XOM: 1-stop teleportation journey
  3168 | D:5      | XOM: smoke on damage
  3171 | D:5      | XOM: cast spell 'Metabolic Englaciation'
  3183 | D:5      | XOM: snakes to sticks
  3194 | D:5      | Reached skill level 5 in Armour
  3508 | D:5      | XOM: give mutation
  3508 | D:5      | Gained mutation: Your body sometimes deteriorates upon
                  | taking damage. [Xom's mischief]
  3547 | D:5      | XOM: scenery: summon butterflies
  3610 | D:5      | XOM: scenery: summon butterflies
  3696 | D:5      | Found Efotiz's Magic Scroll Emporium.
  3699 | D:5      | Bought a scroll of noise for 10 gold pieces
  3699 | D:5      | Bought a scroll of identify for 20 gold pieces
  3699 | D:5      | Bought 2 scrolls of teleportation for 60 gold pieces
  3699 | D:5      | Bought a scroll of identify for 20 gold pieces
  3804 | D:5      | XOM: scenery: summon butterflies
  3897 | D:5      | XOM: god gift: scroll of blinking
  4066 | D:6      | Found Duah's Weapon Emporium.
  4174 | D:6      | XOM: scenery: create altars
  4236 | D:6      | Found a glowing drain.
  4250 | Sewer    | Entered a sewer
  4326 | Sewer    | XOM: enchant monster (bad)
  4334 | Sewer    | Reached skill level 9 in Maces & Flails
  4367 | Sewer    | Found a white marble altar of Elyvilon.
  4430 | D:6      | XOM: summons 1 hostile demon
  4504 | D:6      | Noticed Dowan
  4504 | D:6      | Noticed Duvessa
  4518 | D:6      | XOM: confuse monster(s)
  4538 | D:6      | Killed Duvessa
  4544 | D:6      | Killed Dowan
  4568 | D:6      | Found a staircase to the Ecumenical Temple.
  4581 | D:6      | XOM: confuse monster(s)
  4592 | D:6      | XOM: summons friendly white imp
  4597 | D:6      | Reached XP level 9. HP: 30/55 MP: 9/9
  4599 | D:6      | XOM: enchant monster (good)
  4615 | Temple   | Entered the Ecumenical Temple
  4681 | Temple   | XOM: noise
  4860 | D:6      | XOM: god gift: 9 gold pieces
  4899 | D:6      | Reached skill level 10 in Maces & Flails
  5568 | D:7      | XOM: 7-stop teleportation journey
  5591 | D:7      | XOM: swap monsters
  5593 | D:7      | XOM: enchant monster (good)
  5659 | D:7      | Found a sand-covered staircase.
  5666 | Ossuary  | Entered an ossuary
  5842 | Ossuary  | XOM: noise
  5854 | Ossuary  | Reached skill level 11 in Maces & Flails
  5887 | Ossuary  | XOM: give mutations
  5887 | Ossuary  | Gained mutation: Your mind is acute. (Int +4, Str/Dex -1)
                  | [Xom's mischief]
  5887 | Ossuary  | Gained mutation: You are agile. (Dex +4, Str/Int -1) [Xom's
                  | mischief]
  5891 | Ossuary  | XOM: give mutations
  5891 | Ossuary  | Lost mutation: You are agile. (Dex +4, Str/Int -1) [Xom's
                  | mischief]
  5891 | Ossuary  | Gained mutation: Your flesh is cold resistant. (rC+) [Xom's
                  | mischief]
  5891 | Ossuary  | Gained mutation: You occasionally lose the ability to read
                  | scrolls when taking damage. [Xom's mischief]
  5891 | Ossuary  | Lost mutation: Your mind is acute. (Int +4, Str/Dex -1)
                  | [Xom's mischief]
  6013 | Ossuary  | XOM: confusion (+ monsters)
  6016 | Ossuary  | XOM: stat loss: -1 Int (12/13)
  6039 | Ossuary  | XOM: cast spell 'Summon Ice Beast'
  6471 | D:7      | XOM: noise
  6635 | D:7      | XOM: noise
  6863 | D:7      | XOM: confuse monster(s)
  6878 | D:7      | XOM: butterfly on damage
  6886 | D:7      | Reached XP level 10. HP: 8/64 MP: 10/10
  7343 | D:7      | XOM: give mutations
  7343 | D:7      | Gained mutation: You expend magic power (3 MP) to
                  | strengthen your wands. [Xom's grace]
  7343 | D:7      | Gained mutation: Your mind is acute. (Int +4, Str/Dex -1)
                  | [Xom's grace]
  7343 | D:7      | Gained mutation: You have sharp fingernails. [Xom's grace]
  7498 | D:8      | Found a white marble altar of Elyvilon.
  7532 | D:8      | XOM: divination: detect creatures
  7563 | D:8      | Reached skill level 12 in Maces & Flails
  7572 | D:8      | XOM: silly message
  7578 | D:8      | a yak changed into a cane toad
  7578 | D:8      | Noticed a cane toad
  7589 | D:8      | Killed a cane toad
  7590 | D:8      | XOM: confusion
  7591 | D:8      | XOM: noise
  7597 | D:8      | XOM: enchant monster (bad)
  8025 | D:8      | XOM: stat loss: -1 Str (18/19)
  8052 | D:8      | Noticed a two-headed ogre
  8238 | D:8      | XOM: confusion
  8242 | D:8      | XOM: cleaving
  8251 | D:8      | Killed a two-headed ogre
  8252 | D:8      | Reached skill level 10 in Fighting
  8454 | D:8      | Found an iron altar of Okawaru.
  8490 | D:8      | XOM: give mutations
  8490 | D:8      | Lost mutation: Your mind is acute. (Int +4, Str/Dex -1)
                  | [Xom's mischief]
  8490 | D:8      | Gained mutation: Your mind is acute. (Int +4, Str/Dex -1)
                  | [Xom's mischief]
  8639 | D:9      | XOM: confusion
  9004 | D:9      | XOM: draining
  9007 | D:9      | XOM: blink monster(s)
  9073 | D:9      | XOM: swap monsters
  9084 | D:9      | XOM: 5-stop teleportation journey
  9152 | D:9      | XOM: repel stairs
  9238 | D:9      | a slime creature changed into an eye of devastation
  9238 | D:9      | Noticed an eye of devastation
  9238 | D:9      | XOM: polymorph slime creature -> eye of devastation
  9243 | D:9      | HP: 2/68 [slime creature (12)]
  9244 | D:9      | Slain by a slime creature

Illustrated notes

Levels and vault maps discovered:
D:1:      minmay_arrival_open_corners, layout_loops_cross
D:2:      layout_loops_cross, st_stairs_1, grunt_ministairs_15
D:3:      kennysheep_goblin_castle, layout_basic, palyth_temple_overflow_mages,
          marbit_many_paths, reono_crystal_passage,
          nicolae_kite_square_tiling_tiny
D:4:      layout_loops_cross, dk_yredelemnul_ordeal, uniq_crazy_yiuf_cottage,
          uniq_pikel, uniq_edmund
D:5:      layout_basic, serial_bayou, serial_bayou_lagoon_a,
          serial_bayou_shore_a, serial_bayou_pond_a, serial_bayou_lagoon_b,
          serial_shops, nicolae_shop_real_fake_doors, kennysheep_generic_room_16
D:6:      layout_loops_ring, minmay_temple_entry_glass, portal_sewer_entry_f,
          serial_shops, shop, uniq_duvessa
D:7:      layout_gridville, enter_ossuary_4, minmay_ruffians
D:8:      layout_rooms, elyvilon_altar_3, okawaru_trees_1, dk_vineyard_3,
          lemuel_flamethrower_2
D:9:      layout_loops_cross, serial_shops, nicolae_square_shop
Temple:   compressed_dpeg_circular_temple

Skill      XL: |  1  2  3  4  5  6  7  8  9 10 |
---------------+-------------------------------+-----
Maces & Flails | 4 5 7 9 11 12 | 12.0
Fighting       | 4 5 6 8 10 | 10.9
Armour         | 4 5 7 |  7.2
Dodging        | |  0.7

Action                     |  1- 3 |  4- 6 |  7- 9 | 10-12 || total
---------------------------+-------+-------+-------+-------++-------
  Melee: Mace              |   107 |   169 |   130 |    58 ||   464
         Punch             |     2 |       |     6 |     6 ||    14
         Whip              |       |       |   434 |   208 ||   642
  Throw: Throwing net      |       |       |     1 |       ||     1
  Evoke: Wand              |       |     5 |    10 |     1 ||    16
    Use: Scroll            |       |     3 |     4 |     1 ||     8
         Potion            |       |     1 |       |     1 ||     2
   Stab: Confused          |       |     1 |     5 |     1 ||     7
         Invisible         |       |     1 |       |       ||     1
         Paralysed         |       |       |     1 |       ||     1
 Armour: Leather armour    |    14 |       |       |       ||    14
         Scale mail        |    32 |   122 |    45 |       ||   199
         Plate armour      |       |       |   292 |   137 ||   429
         Skin              |       |       |       |     1 ||     1
  Dodge: Dodged            |    63 |    72 |   123 |    43 ||   301

Table legend: (Time is in decaauts)
 A = Elapsed time spent in this place.
 B = Non-inter-level travel time spent in this place.
 C = Inter-level travel time spent in this place.
 D = Time resting spent in this place.
 E = Time spent auto-exploring this place.
 F = Levels seen in this place.
 G = Mean time per level.
                   A        B        C        D        E       F      G
               +--------+--------+--------+--------+--------+-----+--------+
         Total |   9008 |   8801 |    207 |    821 |   5611 |  12 |  750.7 |
       Dungeon |   8262 |   8055 |    207 |    821 |   5152 |   9 |  918.0 |
        Temple |    162 |    162 |      0 |      0 |    128 |   1 |  162.0 |
         Sewer |    169 |    169 |      0 |      0 |    105 |   1 |  169.0 |
       Ossuary |    414 |    414 |      0 |      0 |    226 |   1 |  414.0 |
               +--------+--------+--------+--------+--------+-----+--------+

Top non-repeatable levels by time:
     D:7: 1696 daAuts
     D:8: 1169 daAuts
     D:3: 1134 daAuts
     D:5: 968 daAuts
     D:6: 856 daAuts
     D:4: 727 daAuts
     D:2: 716 daAuts
     D:1: 585 daAuts
 Ossuary: 414 daAuts
     D:9: 408 daAuts
   Sewer: 169 daAuts
  Temple: 162 daAuts
